 Dungeon Crawl Stone Soup version 0.30.0-5-g1a98f26d00 (webtiles) character file.

Game seed: 5767571138309071858

1380 NinjaNoafa the Ruffian (level 8, 0/63 HPs)
             Began as a Ghoul Conjurer on May 10, 2023.
             Was an Initiate of Makhleb.
             Slain by Maggie
             ... wielding a +2 broad axe of flaming
              (11 damage)
             ... on level 6 of the Dungeon.
             The game lasted 00:13:27 (5871 turns).

NinjaNoafa the Ruffian (Ghoul Conjurer)             Turns: 5871, Time: 00:13:27

Health: 0/63       AC:  8    Str: 11    XL:     8   Next: 66%
Magic:  9/9        EV:  8    Int: 13    God:    Makhleb [......]
Gold:   299        SH:  4    Dex:  9    Spells: 9/10 levels left

rFire   + . .        a - +8 trident of the Octopus King {venom, rElec rPois}
rCold   + . .        q - +0 buckler
rNeg    + + +        i - +0 scale mail {rF+}
rPois   ∞            y - +0 helmet
rElec   +            d - +0 cloak
rCorr   .            (no gloves)
SInv    .            (no boots)
Will    .....        n - amulet of faith Stlth
                     (no ring)
HPRegen 0.00/turn    (no ring)
MPRegen 0.11/turn

%: faith
@: inhibited regen
A: claws 1, cold resistance 1, negative energy resistance 3, inhibited
regeneration, torment resistance 2, devour on kill
a: Renounce Religion


You were on level 6 of the Dungeon.
You worshipped Makhleb.
Makhleb was noncommittal.
You visited 2 branches of the dungeon, and saw 7 of its levels.

You collected 299 gold pieces.

Inventory:

Hand Weapons
 a - the +8 trident of the Octopus King (weapon) {venom, rElec rPois}
   (You found it on level 5 of the Dungeon)

   rElec:     It insulates you from electricity.
   rPois:     It protects you from poison.
Missiles
 v - 7 poisoned darts
 C - 8 boomerangs
Armour
 d - a +0 cloak (worn)
 i - a +0 scale mail of fire resistance (worn)
 q - a +0 buckler (worn)
 y - a +0 helmet (worn)
Jewellery
 n - an amulet of faith (around neck)
Wands
 m - a wand of flame (29)
 p - a wand of charming (5)
 D - a wand of iceblast (9)
Scrolls
 c - a scroll of immolation {unknown}
 e - a scroll of torment {unknown}
 f - 3 scrolls of teleportation
 g - 3 scrolls of vulnerability {unknown}
 j - 2 scrolls of fog
 s - 2 scrolls of enchant weapon {unknown}
 z - a scroll of fear {unknown}
 A - a scroll of poison {unknown}
Potions
 b - 2 potions of lignification
 h - a potion of ambrosia {unknown}
 k - 4 potions of mutation {unknown}
 o - 3 potions of cancellation
 r - a potion of magic
 t - a potion of attraction
 u - 2 potions of haste {unknown}
 w - 2 potions of resistance {unknown}
 x - a potion of brilliance {unknown}
 B - a potion of flight {unknown}


   Skills:
 - Level 3.1 Fighting
 - Level 3.5 Polearms
 - Level 2.4 Armour
 + Level 3.6 Dodging
 - Level 2.1 Stealth
 + Level 4.9 Shields
 - Level 5.3 Unarmed Combat
 - Level 1.7 Spellcasting
 - Level 3.2 Conjurations


You had 9 spell levels left.
You knew the following spells:

 Your Spells              Type           Power      Damage    Failure   Level
a - Magic Dart            Conj           36%        1d4       47%         1

Your spell library contained the following spells:

 Spells                   Type           Power      Damage    Failure   Level
 Searing Ray              Conj           18%        2d5       63%         2
 Summon Small Mammal      Summ           4%         N/A       90%         1
 Dazzling Flash           Conj/Hex       10%        N/A       97%         3
 Call Canine Familiar     Summ           1%         N/A       99%         3
 Summon Guardian Golem    Hex/Summ       1%         N/A       99%         3
 Anguish                  Hex/Necr       0%         N/A       100%        4
 Cause Fear               Hex            0%         N/A       100%        4
 Fulminant Prism          Conj/Hex       2%         3d5       100%        4
 Iskenderun's Mystic Bla  Conj/Tloc      5%         2d3       100%        4
 Enfeeble                 Hex            0%         N/A       100%        7


Dungeon Overview and Level Annotations

Branches:
Dungeon (6/15) Zot: 26295  Temple (1/1) D:6 Zot: 5707

Altars:
Ashenzari
Cheibriados
Fedhas
Hepliaklqana
Kikubaaqudgha
Makhleb
Qazlal
Ru
Uskayaw
Vehumet
Wu Jian
Xom
Yredelemnul

Annotations:
D:6 Maggie


Innate Abilities, Weirdness & Mutations

You are immune to poison.
You have sharp fingernails.
Your flesh is cold resistant. (rC+)
You are immune to negative energy. (rN+++)
You do not regenerate when monsters are visible.
You are immune to unholy pain and torment.
You thrive by killing the living.


Message History

Maggie burns you.
Maggie zaps a wand.
You resist with some effort.
You puncture Maggie!
Maggie is lightly wounded.
Maggie hits you with a +2 broad axe of flaming.
Maggie burns you.
You hit Maggie but do no damage.
Maggie is poisoned.
Maggie is lightly wounded.
Maggie casts a spell at you. The bolt of fire hits you! You resist.
* * * LOW HITPOINT WARNING * * *
Unknown command.
You hit Maggie.
Maggie looks as sick as possible!
Maggie is moderately wounded.
Maggie hits you with a +2 broad axe of flaming!
* * * LOW HITPOINT WARNING * * *
Maggie burns you.
* * * LOW HITPOINT WARNING * * *
Aiming: Iceblast
Press: ? - help, Shift-Dir - straight line, p - Maggie
Okay, then.
Aiming: Charm
Press: ? - help, Shift-Dir - straight line, f/p - Maggie
Aim: Maggie, wielding a +2 broad axe of flaming, wearing +0 acid dragon scales and carrying a wand of charming (1) (moderately wounded, extremely poisoned, chance to affect: 49%)
Okay, then.
Aiming: Charm
Press: ? - help, Shift-Dir - straight line, f/p - Maggie
Aim: Maggie, wielding a +2 broad axe of flaming, wearing +0 acid dragon scales and carrying a wand of charming (1) (moderately wounded, extremely poisoned, chance to affect: 49%) Maggie resists with some effort.
Maggie hits you with a +2 broad axe of flaming.
* * * LOW HITPOINT WARNING * * *
Maggie burns you.
* * * LOW HITPOINT WARNING * * *
Unknown command.
Unknown command.
Aiming: Charm
Press: ? - help, Shift-Dir - straight line, f/p - Maggie
Aim: Maggie, wielding a +2 broad axe of flaming, wearing +0 acid dragon scales and carrying a wand of charming (1) (moderately wounded, extremely poisoned, chance to affect: 49%) Maggie resists with some effort.
Maggie hits you with a +2 broad axe of flaming!
You die...

####...#....# #..
..#.##.###.# #.#
#.#.##.# #.# #.#
#.#.##.###.# #
#.#####........#.#
..##.........##.#.#.# #
...........##.#.#.#
####.##.#####.####.#.#.#
......@@.......###.#.#.#
####.##........<...#.#.#
#.#####..#####.#.# #.#
#..#####.#.# #.#
#..#........ #.#
#..#.###.#.# #### ..#
#..#.# #.... ..# ###
#..#.# ##.#> #.# #..#.#
#...


You could see Maggie (extremely poisoned).

Vanquished Creatures
  Edmund (D:4)
  2 ice beasts (D:6)
  A centaur (D:5)
  3 elf zombies (D:6)
  A scorpion (D:3)
  A bullfrog (D:6)
  2 jellies
  An orc priest (D:5)
  2 hounds (D:4)
  3 human skeletons (D:6)
  A sleepcap (D:5)
  Ijyb (D:5)
  Terence (D:2)
  An iguana (D:4)
  2 orc wizards
  Robin (D:3)
  4 gnolls
  3 adders
  A white imp (D:5)
  An ufetubus (D:3)
  A worm (D:3)
  4 dart slugs
  13 orcs
  9 bats
  6 endoplasms
  4 giant cockroaches
  16 goblins
  8 hobgoblins
  4 quokkas
  8 ball pythons
  3 frilled lizards
  3 kobolds (D:3)
  8 rats
120 creatures vanquished.

Vanquished Creatures (collateral kills)
  A phantom (D:5)
1 creature vanquished.

Vanquished Creatures (others)
  An iguana (D:5)
1 creature vanquished.

Grand Total: 122 creatures vanquished

Notes
Turn   | Place    | Note
-------+----------+-------------------------------------------
     0 | D:1      | NinjaNoafa the Ghoul Conjurer began the quest for the Orb.
     0 | D:1      | Reached XP level 1. HP: 14/14 MP: 2/2
    66 | D:1      | Found a faded altar of an unknown god.
   123 | D:1      | Reached skill level 1 in Fighting
   123 | D:1      | Reached skill level 1 in Unarmed Combat
   123 | D:1      | Reached XP level 2. HP: 17/23 MP: 3/3
   651 | D:1      | Reached XP level 3. HP: 29/29 MP: 4/4
  1198 | D:2      | Reached skill level 1 in Armour
  1345 | D:2      | Noticed Terence
  1364 | D:2      | Killed Terence
  1365 | D:2      | Reached skill level 1 in Shields
  1365 | D:2      | Reached XP level 4. HP: 7/36 MP: 5/5
  1791 | D:3      | Noticed Robin
  1950 | D:3      | Reached XP level 5. HP: 38/41 MP: 6/6
  2259 | D:3      | Killed Robin
  2739 | D:4      | Noticed Edmund
  3465 | D:5      | Entered Level 5 of the Dungeon
  3465 | D:5      | Noticed Ijyb
  3482 | D:5      | Noticed a phantom
  3498 | D:5      | Killed a phantom
  3499 | D:5      | Reached XP level 6. HP: 45/50 MP: 7/7
  3707 | D:5      | Found the +8 trident of the Octopus King {venom, rElec
                  | rPois}
  3752 | D:4      | Reached skill level 2 in Unarmed Combat
  3873 | D:3      | Reached skill level 3 in Unarmed Combat
  3873 | D:3      | Reached XP level 7. HP: 20/56 MP: 8/8
  4025 | D:3      | Reached skill level 4 in Unarmed Combat
  4133 | D:4      | Killed Edmund
  4206 | D:5      | Reached skill level 5 in Unarmed Combat
  4218 | D:5      | Killed Ijyb
  4335 | D:5      | Reached skill level 1 in Polearms
  4573 | D:5      | Found a hide-covered altar of Uskayaw.
  4573 | D:5      | Found a broken altar of Ashenzari.
  4897 | D:6      | Reached XP level 8. HP: 63/63 MP: 9/9
  4992 | D:6      | Found a staircase to the Ecumenical Temple.
  5001 | Temple   | Entered the Ecumenical Temple
  5271 | Temple   | Became a worshipper of Makhleb the Destroyer
  5511 | D:6      | Found a sand-covered staircase.
  5864 | D:6      | Noticed Maggie
  5871 | D:6      | Slain by Maggie

Illustrated notes

Levels and vault maps discovered:
D:1:      scummos_arrival_checkerplants, layout_basic,
          ebering_ecumenical_altar_ruins, serial_forest,
          infiniplex_forest_lined_ring, infiniplex_forest_lined_room_2,
          infiniplex_forest_straight_1, infiniplex_forest_clump_cross,
          infiniplex_forest_clump_long, infiniplex_forest_side_room,
          infiniplex_forest_corner_1, infiniplex_forest_clump_diagonal
D:2:      layout_rooms, uniq_terence
D:3:      minmay_bubble_buster, layout_rooms, grunt_ministairs_4, uniq_robin
D:4:      layout_loops_ring, uniq_edmund
D:5:      minmay_angry_zag, layout_rooms, nicolae_overflow_two_pavilions,
          uniq_ijyb
D:6:      layout_loops_ring, minmay_temple_entry_poolview,
          nicolae_ossuary_entry_catacombs, ebering_ghost_sewer_f,
          corexii_leaking_fountain, uniq_maggie
Temple:   minmay_temple_curvy_branch

Skill      XL: |  1  2  3  4  5  6  7  8 |
---------------+-------------------------+-----
Fighting       | 1 2 3 |  3.1
Unarmed Combat | 1 3 5 |  5.3
Armour         | 1 2 |  2.4
Shields        | 1 2 3 4 |  4.9
Dodging        | 2 3 |  3.6
Polearms       | 2 3 |  3.5
Stealth        | |  2.1
Spellcasting   | |  1.7
Conjurations   | |  3.2

Action                     |  1- 3 |  4- 6 |  7- 9 || total
---------------------------+-------+-------+-------++-------
  Melee: Unarmed           |   177 |   320 |    85 ||   582
         Punch             |     1 |       |       ||     1
         Trident           |       |       |   101 ||   101
  Evoke: Wand              |       |     2 |     2 ||     4
    Use: Scroll            |       |     6 |     2 ||     8
         Potion            |       |     4 |     2 ||     6
   Stab: Sleeping          |     3 |       |       ||     3
         Invisible         |       |     1 |       ||     1
 Armour: Robe              |    14 |       |       ||    14
         Scale mail        |    73 |   153 |   101 ||   327
  Dodge: Dodged            |    74 |   137 |    61 ||   272
  Block: Buckler           |     3 |    55 |    32 ||    90
